 Dungeon Sprint DCSS version 0.29.1-12-g30fa7ad0bf (webtiles) character file.

Game seed: 582366172412362792

16008 boopmooplesden the Phalangite (level 12, -5/136 HPs)
             Began as a Minotaur Berserker on Dec 14, 2022.
             Was the Champion of Trog.
             Slain by an orc warrior
             ... wielding a +0 trident
              (25 damage)
             ... in the Dungeon (Sprint IX: "|||||||||||||||||||||||||||||").
             The game lasted 00:03:23 (1710 turns).

boopmooplesden the Phalangite (Minotaur Berserker)  Turns: 1710, Time: 00:03:24

Health: -5/136     AC: 22    Str: 25    XL:     12   Next: 6%
Magic:  3/3        EV: 11    Int:  7    God:    Trog [******]
Gold:   685        SH:  0    Dex: 12    Spells: 11/11 levels left

rFire   . . .      SeeInvis .   t - +2 glaive (antimagic)
rCold   . . .      Faith    .   (shield currently unavailable)
rNeg    . . .      Spirit   .   m - +0 plate armour
rPois   .          Reflect  .   (helmet restricted)
rElec   .          Harm     .   (no cloak)
rCorr   .          Rampage  .   l - +0 pair of gloves
Will    .....      NoTele   +   u - +0 pair of boots
Stlth   ..........              (no amulet)
HPRegen 0.32/turn               o - +2 ring of protection
MPRegen 0.08/turn               n - +3 ring of intelligence

@: on berserk cooldown, slowed, very slow
A: horns 2, retaliatory headbutt
a: Renounce Religion, Berserk, Trog's Hand, Brothers in Arms


You were in the Dungeon.
You worshipped Trog.
Trog was exalted by your worship.
You visited 1 branch You collected 685 gold pieces.

Inventory:

Hand Weapons
 a - a +0 spear
 k - a +2 halberd of protection
 t - a +2 antimagic glaive (weapon)
 w - a +1 bardiche
 x - a +2 trident of flaming
Armour
 b - a +0 animal skin
 l - a +0 pair of gloves (worn)
 m - a +0 plate armour (worn)
 p - +0 acid dragon scales
 u - a +0 pair of boots (worn)
Jewellery
 n - a +3 ring of intelligence (right hand)
 o - a +2 ring of protection (left hand)
Wands
 j - a wand of roots (10)
 v - a wand of charming (3)
Scrolls
 h - 3 scrolls of blinking
 q - 3 scrolls of fog
 r - 2 scrolls of identify
 s - 2 scrolls of enchant armour
Potions
 c - 6 potions of curing
 d - 5 potions of heal wounds
 e - 3 potions of haste
 f - 4 potions of magic
 g - a potion of berserk rage
 i - a potion of invisibility


   Skills:
 + Level 21.6 Fighting
 + Level 22.9 Polearms
 + Level 16.3 Armour
 + Level 8.8 Dodging
 + Level 0.2 Stealth


You had 11 spell levels left.
You didn't know any spells.
Your spell library was empty.

Dungeon Overview and Level Annotations

Branches:
Dungeon (1/1)

Altars:
Cheibriados
Dithmenos
Elyvilon
Fedhas
Gozag
Hepliaklqana
Kikubaaqudgha
Makhleb
Nemelex Xobeh
Okawaru
Qazlal
Ru
Sif Muna
Trog
Uskayaw
Vehumet
Wu Jian
Xom
Yredelemnul
Zin
The Shining One
Jiyva
Lugonu


Innate Abilities, Weirdness & Mutations

You have a pair of horns on your head.
You reflexively headbutt those who attack you in melee.


Message History

The orc warrior completely misses you. You furiously retaliate!
You headbutt the orc warrior.
You kill the orc warrior!
Trog accepts your kill.
The orc warrior hits you but does no damage.
The orc knight roars a battlecry!
The orc warrior no longer looks unusually strong.
The orc priest no longer looks unusually strong.
An orc warrior comes into view. It is wielding a +0 trident.
Items here: $ ) [ †.
You slash the orc knight!
The orc knight is lightly wounded.
The orc priest no longer looks unusually strong.
The orc warrior hits you but does no damage.
An orc warrior comes into view. It is wielding a +0 broad axe.
You slash the orc knight! Your headbutt misses the orc knight.
The orc knight is moderately wounded.
The orc no longer looks unusually strong.
The orc knight closely misses you. The orc warrior completely misses you.
You slice the orc knight!!
The orc knight is heavily wounded.
The orc knight misses you. You furiously retaliate!
You headbutt the orc knight, but do no damage.
The orc warrior hits you from afar with a +0 trident.
You barely miss the orc knight. Your headbutt misses the orc knight.
The orc knight is heavily wounded.
The orc knight roars a battlecry!
The orcs go into a battle-frenzy!
The orc warrior hits you from afar with a +0 trident!
You hit the orc knight but do no damage.
The orc knight is heavily wounded.
The orc warrior hits you from afar with a +0 trident!
The orc knight hits you with a +0 great sword!!
* * * LOW HITPOINT WARNING * * *
You slash the orc knight!
The orc knight is severely wounded.
The orc knight hits you with a +0 great sword.
* * * LOW HITPOINT WARNING * * *
The orc warrior hits you from afar with a +0 trident!!
You die...

▓_▓.▓.▓)▓)▓
▓_▓.▓.▓.▓.▓
▓_▓.▓.▓.▓.▓
▓_▓.▓.▓.▓.▓
▓_▓.▓.▓.▓.▓
▓_▓.▓.▓.▓)▓
▓_▓.▓.▓.▓)▓
▓_▓.▓.▓.▓)▓
▓_▓.▓.▓.▓@▓
▓_▓.▓'▓.▓o▓
▓_▓.▓†▓.▓o▓
▓_▓.▓†▓.▓o▓
▓_▓.▓†▓.▓o▓
▓_▓.▓†▓.▓o▓
▓_▓.▓.▓.▓o▓
▓_▓.▓.▓.▓o▓
▓_▓.▓.▓.▓


You could see an orc knight, 3 orc warriors, 2 orc priests and an orc (strong).

Vanquished Creatures
  2 hydras (D)
  Erolcha (D)
  3 catoblepae (D)
  5 death yaks (D)
  A harpy (shapeshifter) (D)
  2 orc knights (D)
  2 orc sorcerers (D)
  A salamander (shapeshifter) (D)
  A black mamba (D)
  An elephant (D)
  A torpor snail (D)
  2 cane toads (D)
  Psyche (D)
  A rime drake (D)
  A kobold demonologist (D)
  3 komodo dragons (D)
  2 trolls (D)
  2 wyverns (D)
  3 yaks (D)
  A basilisk (D)
  An acid dragon (D)
  2 water moccasins (D)
  6 orc warriors (D)
  A phantom (D)
  A bullfrog (D)
  A gnoll sergeant (D)
  A jelly (D)
  An orc priest (D)
  2 iguanas (D)
  An orc wizard (D)
  An adder (D)
  6 orcs (D)
  An endoplasm (D)
  2 bats (D)
  2 kobolds (D)
65 creatures vanquished.

Vanquished Creatures (collateral kills)
  A centaur warrior (D)
  A death knight (D)
  A cyclops (D)
3 creatures vanquished.

Grand Total: 68 creatures vanquished

Notes
Turn   | Place    | Note
-------+----------+-------------------------------------------
     0 | D        | boopmooplesden the Minotaur Berserker began the quest for
                  | the Orb.
     0 | D        | Reached XP level 1. HP: 19/19 MP: 0/0
     6 | D        | Reached skill level 4 in Polearms
     9 | D        | Reached ** piety under Trog
    14 | D        | Noticed a phantom
    14 | D        | Noticed an iguana
    14 | D        | Noticed an iguana
    14 | D        | Noticed a jelly
    18 | D        | Reached skill level 5 in Fighting
    18 | D        | Reached skill level 5 in Polearms
    18 | D        | Reached XP level 2. HP: 23/29 MP: 1/1
    24 | D        | Killed a phantom
    24 | D        | Reached *** piety under Trog
    25 | D        | Reached skill level 7 in Polearms
    25 | D        | Reached XP level 3. HP: 27/39 MP: 2/2
    25 | D        | Reached XP level 4. HP: 33/47 MP: 3/3
    31 | D        | Reached skill level 8 in Polearms
    31 | D        | Reached XP level 5. HP: 31/55 MP: 4/4
   370 | D        | Found a snail-covered altar of Cheibriados.
   370 | D        | Found a shadowy altar of Dithmenos.
   370 | D        | Found a white marble altar of Elyvilon.
   370 | D        | Found a blossoming altar of Fedhas.
   370 | D        | Found an opulent altar of Gozag.
   371 | D        | Found a hazy altar of Hepliaklqana.
   372 | D        | Found a viscous altar of Jiyva.
   373 | D        | Found an ancient bone altar of Kikubaaqudgha.
   374 | D        | Found a corrupted altar of Lugonu.
   375 | D        | Found a burning altar of Makhleb.
   376 | D        | Found a sparkling altar of Nemelex Xobeh.
   377 | D        | Found an iron altar of Okawaru.
   378 | D        | Found a stormy altar of Qazlal.
   379 | D        | Found a sacrificial altar of Ru.
   380 | D        | Found a shimmering blue altar of Sif Muna.
   381 | D        | Found a bloodstained altar of Trog.
   382 | D        | Found a hide-covered altar of Uskayaw.
   383 | D        | Found a radiant altar of Vehumet.
   384 | D        | Found an ornate altar of the Wu Jian Council.
   385 | D        | Found a shimmering altar of Xom.
   386 | D        | Found a basalt altar of Yredelemnul.
   387 | D        | Found a glowing silver altar of Zin.
   388 | D        | Found a glowing golden altar of the Shining One.
   533 | D        | Noticed a troll
   533 | D        | Noticed a kobold demonologist
   533 | D        | Noticed an acid dragon
   533 | D        | Noticed a troll
   533 | D        | Noticed a wyvern
   538 | D        | Reached **** piety under Trog
   539 | D        | Reached skill level 9 in Polearms
   539 | D        | Reached skill level 5 in Armour
   541 | D        | Killed a troll
   542 | D        | Reached skill level 11 in Polearms
   542 | D        | Reached skill level 5 in Dodging
   542 | D        | Reached XP level 6. HP: 68/68 MP: 5/5
   546 | D        | Noticed an orange demon
   552 | D        | Noticed an orange demon
   553 | D        | Killed a kobold demonologist
   554 | D        | Reached skill level 12 in Polearms
   554 | D        | Reached XP level 7. HP: 78/78 MP: 6/6
   557 | D        | Reached ***** piety under Trog
   558 | D        | Reached skill level 13 in Polearms
   560 | D        | Killed a troll
   561 | D        | Reached XP level 8. HP: 86/86 MP: 7/7
   566 | D        | Reached skill level 14 in Polearms
   586 | D        | Noticed a centaur warrior
   586 | D        | Noticed a cyclops
   586 | D        | Noticed a death knight
   586 | D        | Noticed a salamander
   586 | D        | Noticed a harpy
   591 | D        | Killed a centaur warrior
   592 | D        | Reached skill level 15 in Polearms
   593 | D        | Killed a cyclops
   594 | D        | Reached skill level 15 in Fighting
   594 | D        | Reached XP level 9. HP: 62/97 MP: 8/8
   600 | D        | Killed a death knight
   601 | D        | Reached skill level 16 in Polearms
   611 | D        | Killed a salamander
   612 | D        | Reached skill level 17 in Polearms
   612 | D        | Reached skill level 10 in Armour
   616 | D        | Killed a harpy
   735 | D        | Noticed Erolcha
   745 | D        | Killed Erolcha
   745 | D        | Received a gift from Trog
   746 | D        | Reached skill level 18 in Polearms
   746 | D        | Reached XP level 10. HP: 101/111 MP: 9/9
   825 | D        | Noticed a six-headed hydra
   825 | D        | Noticed a cane toad
   826 | D        | Noticed a five-headed hydra
   835 | D        | Killed a ten-headed hydra
   836 | D        | Noticed a torpor snail
   842 | D        | Killed a cane toad
   843 | D        | Reached skill level 19 in Polearms
   846 | D        | Noticed a black mamba
   852 | D        | Killed a nine-headed hydra
   856 | D        | Killed a torpor snail
   860 | D        | Killed a black mamba
   861 | D        | Reached skill level 20 in Polearms
  1101 | D        | Noticed a catoblepas
  1101 | D        | Noticed a cane toad
  1103 | D        | Noticed an elephant
  1106 | D        | Killed a catoblepas
  1106 | D        | Received a gift from Trog
  1109 | D        | Reached XP level 11. HP: 122/122 MP: 10/10
  1116 | D        | Reached ****** piety under Trog
  1167 | D        | Noticed a death yak
  1167 | D        | Noticed a death yak
  1167 | D        | Noticed a death yak
  1167 | D        | Noticed a death yak
  1167 | D        | Noticed a catoblepas
  1173 | D        | Killed a death yak
  1174 | D        | Reached skill level 21 in Polearms
  1176 | D        | Killed a death yak
  1176 | D        | Received a gift from Trog
  1177 | D        | Noticed a death yak
  1181 | D        | Killed a death yak
  1183 | D        | Killed a death yak
  1184 | D        | Noticed a catoblepas
  1188 | D        | Killed a catoblepas
  1189 | D        | Reached skill level 15 in Armour
  1196 | D        | Killed a death yak
  1197 | D        | Reached skill level 22 in Polearms
  1208 | D        | Killed a catoblepas
  1457 | D        | Noticed Psyche
  1466 | D        | Killed Psyche
  1509 | D        | Noticed an orc knight
  1515 | D        | Received a gift from Trog
  1523 | D        | Killed an orc knight
  1533 | D        | Received a gift from Trog
  1679 | D        | Noticed an orc sorcerer
  1679 | D        | Noticed an orc sorcerer
  1679 | D        | Noticed an orc knight
  1681 | D        | Paralysed by an orc sorcerer for 5 turns
  1688 | D        | Killed an orc sorcerer
  1691 | D        | Killed an orc sorcerer
  1691 | D        | Received a gift from Trog
  1692 | D        | Reached XP level 12. HP: 136/136 MP: 3/11
  1710 | D        | Slain by an orc warrior

Illustrated notes

Levels and vault maps discovered:
D:        linesprint [early_d, line_temple, items_1, d_10, items_2, lair_1,
          lair_end, items_3, orc_1, orc_end, items_4, d_15, swamp_1, shoals_1,
          snake_1, spider_1, d_20, vaults_1, items_5, swamp_end, shoals_end,
          snake_end, spider_end, vaults_end, d_27, items_6, zot_1, zot_end,
          crypt_end, forest_end, elf_end, slime_end, tomb_end, abyss_end,
          pan_hell_end]

Skill      XL: |  1  2  3  4  5  6  7  8  9 10 11 |
---------------+----------------------------------+-----
Fighting       | 5 7 8 11 12 13 15 17 19 21 | 21.6
Polearms       | 5 7 8 11 12 13 15 18 20 22 | 22.9
Armour         | 3 4 6 7 9 10 13 16 | 16.3
Dodging        | 3 4 5 6 7 8 |  8.8
Stealth        | |  0.2

Action                   |  1- 3 |  4- 6 |  7- 9 | 10-12 || total
-------------------------+-------+-------+-------+-------++-------
Melee: Spear             |    12 |     8 |       |       ||    20
       Headbutt          |     3 |     7 |     7 |    31 ||    48
       Punch             |       |     1 |       |       ||     1
       Halberd           |       |    17 |    25 |    60 ||   102
       Glaive            |       |       |       |    86 ||    86
Invok: Berserk           |     1 |     1 |     1 |     5 ||     8
       Trog's Hand       |       |       |     1 |       ||     1
       Brothers in Arms  |       |       |     1 |       ||     1
Armor: Plate armour      |       |     6 |    28 |    54 ||    88
Dodge: Dodged            |     9 |     1 |     8 |    40 ||    58
